Map: Heavy Artillery LE

Players

Massa

  • Race: Terran Terran
  • League: Platinum
  • Spawn Location: 1:00

qqq

  • Race: Zerg Zerg
  • Spawn Location: 3:00

Vulcinodin

  • Race: Zerg Zerg
  • League: Diamond
  • Spawn Location: 7:00

Garion

  • Race: Terran Terran
  • Spawn Location: 7:00

VOD

Have the link to the VOD?

Description

Time

  • Played on: Feb. 7, 2021, 11:54 a.m.
  • Length: 12:44
Show
View Real Time Build Order
Export as new Build Order

Massa Terran 

Build Orders:  

Get SALT Encoding   

  12  0:00  SCV  
  13  0:13  SCV  
  14  0:22  Supply Depot  
  14  0:25  SCV  
  15  0:42  Refinery  
  15  0:44  SCV  
  15  0:45  Barracks  
  16  0:53  Refinery  
  16  0:56  SCV  
  17  1:09  SCV  
  18  1:21  SCV  
  18  1:24  Barracks  
  19  1:32  Reaper  
  20  1:35  Supply Depot  
  20  1:46  Orbital Command  
  20  2:04  Reaper  
  20  2:07  Supply Depot  
  21  2:13  Reaper  
  22  2:27  SCV  
  23  2:37  Reaper  
  24  2:39  SCV  
  25  2:45  Reaper  
  26  3:01  Command Center  
  26  3:07  Factory  
  26  3:09  Reaper  
  27  3:13  Supply Depot  
  27  3:18  Reaper  
  25  3:41  Marine  
  24  3:44  Supply Depot  
  24  3:48  SCV  
  24  3:49  Marine  
  24  3:53  Starport  
  26  3:57  Starport  
  26  4:01  SCV  
  26  4:02  Hellion  
  29  4:07  Barracks  
  29  4:13  SCV, Orbital Command  
  30  4:19  Barracks Tech Lab  
  30  4:32  Barracks Reactor  
  30  4:34  Factory Tech Lab  
  30  4:43  SCV x2  
  32  4:53  Medivac  
  32  4:55  SCV  
  32  4:56  SCV  
  36  5:02  Marine x2  
  38  5:08  SCV x2  
  40  5:20  SCV x2, Marine x2  
  44  5:25  Barracks  
  44  5:28  Barracks  
  44  5:32  SCV x2, Engineering Bay  
  44  5:33  Liberator  
  49  5:37  Marine, Viking  
  52  5:43  Widow Mine  
  52  5:44  SCV x2, Marine x3  
  59  5:55  Refinery, Marine  
  59  5:56  SCV x2  
  62  5:58  Refinery  
  62  6:02  Marine x3  
  65  6:08  SCV x2  
  65  6:09  Siege Tank  
  70  6:33  Supply Depot  
  70  6:34  Missile Turret  
  70  6:35  Supply Depot  
  70  6:44  Sensor Tower  
  70  6:50  Barracks Reactor  
  70  6:51  Barracks Tech Lab  
  70  6:54  Marine x4  
  70  6:59  Supply Depot  
  74  7:12  Marine x2  
  76  7:26  Command Center  
  76  7:32  Terran Infantry Weapons Level 1  
  76  7:35  Missile Turret  
  76  7:38  Armory  
  76  7:54  Missile Turret  
  76  7:57  Siege Tank  
  79  8:16  Missile Turret, Stimpack  
  74  8:43  Missile Turret  
  74  8:56  Factory  
  74  8:57  Factory, Command Center, Medivac x2  
  68  9:12  Drilling Claws  
  68  9:13  Widow Mine  
  70  9:34  Widow Mine  
  72  9:39  SCV x2  
  72  9:45  Terran Infantry Weapons Level 2  
  74  9:46  Terran Vehicle Weapons Level 1  
  74  9:51  SCV x2  
  76  9:53  Factory Reactor x2  
  76  10:03  SCV x2  
  73  10:15  SCV x2  
  72  10:27  Combat Shield  
  72  10:31  Widow Mine x4  
  72  10:34  Smart Servos  
  80  10:36  Orbital Command  
  80  10:40  Missile Turret  
  81  10:42  SCV  
  81  10:43  SCV x2, Missile Turret  
  81  10:46  Barracks Tech Lab  
  83  10:52  Widow Mine, Thor  
  83  10:53  Widow Mine x3  
  83  10:54  Marauder x2  
  83  10:55  SCV x3, Marine  
  105  11:02  Missile Turret  
  105  11:07  SCV x3  
  102  11:14  Widow Mine  
  102  11:15  Marauder x2  
  94  11:19  SCV x3  
  94  11:22  Widow Mine x2  
  94  11:23  Widow Mine  
  94  11:24  Marauder  
  97  11:31  SCV x3  
  95  11:35  Widow Mine, Thor  
  95  11:36  Marauder  
  95  11:39  Marine x2  
  108  11:40  Marauder, Marine x2  
  108  11:44  Widow Mine x2  
  108  11:45  Marauder  
  87  11:57  Marine  
  87  11:59  Widow Mine x2  
  91  12:01  Marauder  
  91  12:05  Widow Mine x2  
  91  12:07  Marauder  
  72  12:23  Marauder  
Show
View Real Time Build Order
Export as new Build Order

qqq Zerg 

Build Orders: Hatch First 

Get SALT Encoding   

  12  0:02  Drone  
  13  0:12  Drone  
  14  0:23  Overlord  
  14  0:44  Hatchery  
  13  0:50  Drone  
  13  0:53  Drone  
  15  0:58  Drone  
  15  1:13  Drone  
  16  1:19  Spawning Pool  
  16  1:21  Extractor  
  16  1:22  Drone  
  15  1:28  Drone  
  16  1:35  Drone  
  17  1:44  Drone  
  18  1:55  Drone  
  18  1:57  Drone  
  20  2:07  Queen  
  22  2:14  Drone, Roach Warren  
  22  2:18  Drone  
  23  2:23  Lair  
  23  2:26  Drone  
  24  2:32  Overlord  
  24  2:36  Drone  
  25  2:38  Drone  
  25  2:44  Overlord  
  26  2:46  Drone  
  26  2:49  Drone  
  28  2:54  Drone, Extractor  
  28  3:01  Queen  
  30  3:05  Drone  
  30  3:07  Drone  
  30  3:12  Drone  
  33  3:13  Drone  
  34  3:20  Drone x3  
  34  3:23  Roach  
  39  3:29  Roach  
  39  3:31  Glial Reconstitution  
  41  3:34  Roach  
  43  3:43  Overlord  
  43  3:45  Drone  
  44  3:58  Overlord  
  44  3:59  Hatchery  
  44  4:02  Roach  
  45  4:03  Roach  
  45  4:06  Roach  
  45  4:09  Roach  
  51  4:14  Drone  
  51  4:15  Evolution Chamber  
  51  4:18  Roach  
  51  4:20  Roach  
  51  4:24  Roach  
  57  4:26  Roach  
  59  4:35  Overlord x2  
  59  4:37  Overlord  
  59  4:43  Zerg Ground Armor Level 1  
  59  4:49  Drone  
  59  4:51  Hydralisk Den  
  59  4:54  Roach  
  59  4:56  Roach  
  59  4:59  Roach  
  65  5:02  Drone  
  65  5:03  Drone  
  67  5:13  Roach x3  
  73  5:25  Roach  
  57  6:00  Spire  
  52  6:07  Drone x2  
  52  6:08  Drone x5  
  52  6:09  Drone x3  
  58  6:14  Spore Crawler  
  58  6:15  Drone x2, Spore Crawler  
  58  6:19  Queen  
  58  6:24  Drone x2  
  62  6:28  Drone  
  62  6:29  Drone  
  62  6:30  Drone  
  65  6:35  Extractor x2  
  65  6:36  Hatchery  
  60  6:45  Drone  
  61  6:49  Drone x3  
  61  6:50  Drone x2  
  61  6:53  Overlord x2  
  66  6:55  Drone  
  67  7:16  Drone x2  
  67  7:17  Mutalisk  
  67  7:18  Mutalisk x4  
  79  7:26  Infestation Pit  
  79  7:27  Overseer  
  79  7:29  Drone  
  79  7:32  Extractor  
  79  7:34  Extractor  
  77  7:39  Drone  
  77  7:43  Zerg Flyer Weapons Level 1  
  78  7:46  Pneumatized Carapace  
  78  7:55  Mutalisk  
  78  7:56  Overlord x3  
  80  7:59  Drone x4  
  80  8:04  Hatchery  
  82  8:07  Hatchery, Mutalisk  
  83  8:15  Drone x2  
  85  8:23  Mutalisk x2  
  89  8:36  Mutalisk  
  91  8:42  Spore Crawler  
  91  8:46  Hive  
  91  8:47  Drone x5  
  91  8:48  Drone  
  96  8:55  Mutalisk  
  98  9:03  Hatchery  
  98  9:07  Corruptor  
  98  9:08  Corruptor  
  101  9:15  Corruptor  
  101  9:16  Drone x3  
  101  9:17  Drone  
  105  9:32  Corruptor x3  
  105  9:34  Drone x4  
  105  9:38  Extractor  
  114  9:39  Extractor  
  113  9:49  Drone x5  
  118  9:57  Zerg Flyer Armor Level 1  
  119  10:00  Drone x2, Corruptor  
  119  10:01  Corruptor x2  
  126  10:14  Viper  
  126  10:17  Drone x2  
  126  10:18  Drone x3  
  134  10:31  Drone x6  
  137  10:39  Spore Crawler  
  136  10:46  Drone x3  
  136  10:47  Drone  
  136  10:49  Overlord x3  
  140  10:50  Overlord x3  
  140  10:51  Spine Crawler, Overlord x2  
  140  10:54  Drone  
  140  10:57  Spine Crawler  
  140  10:58  Spore Crawler  
  112  11:32  Mutalisk x6  
  116  11:34  Zergling x14  
  116  11:35  Zergling x4  
  125  11:53  Mutalisk x2  
  118  11:55  Drone x3  
  118  12:00  Extractor x2  
  121  12:14  Spire  
  121  12:15  Overlord x3  
  117  12:16  Zergling x4  
  117  12:17  Zergling x8  
  117  12:22  Spine Crawler  
  114  12:25  Spine Crawler x2  
  114  12:29  Spine Crawler  
Show
View Real Time Build Order
Export as new Build Order

Vulcinodin Zerg 

Build Orders: Hatch First 

Get SALT Encoding   

  12  0:00  Drone  
  13  0:12  Overlord  
  13  0:16  Drone  
  14  0:30  Drone x2  
  14  0:34  Drone  
  17  0:45  Drone  
  18  1:04  Extractor  
  17  1:05  Hatchery  
  17  1:08  Drone  
  17  1:14  Spawning Pool  
  16  1:19  Drone  
  16  1:20  Drone  
  18  1:30  Drone  
  19  1:40  Drone  
  20  1:51  Overlord  
  20  2:04  Metabolic Boost  
  20  2:05  Zergling x2  
  21  2:08  Queen  
  21  2:15  Zergling x2  
  24  2:17  Queen  
  24  2:19  Zergling x2  
  27  2:29  Drone x2  
  29  2:35  Baneling Nest  
  28  2:40  Drone x2  
  30  2:47  Overlord  
  30  2:51  Drone  
  30  2:52  Queen  
  34  2:58  Drone  
  34  3:08  Drone x2  
  35  3:20  Drone x2  
  35  3:21  Drone x3  
  35  3:26  Drone x2  
  41  3:41  Drone  
  41  3:42  Drone x2  
  41  3:44  Overlord  
  44  3:48  Pneumatized Carapace  
  44  3:51  Hatchery  
  43  3:59  Roach Warren  
  43  4:02  Overlord  
  42  4:03  Drone x3  
  42  4:06  Drone  
  46  4:10  Lair  
  46  4:18  Drone  
  46  4:19  Drone x4  
  46  4:21  Extractor  
  46  4:23  Extractor  
  49  4:35  Drone x2  
  49  4:36  Drone  
  52  4:42  Overlord x2  
  52  4:44  Drone  
  52  4:45  Drone x3  
  56  4:54  Spore Crawler  
  56  4:55  Queen  
  56  4:56  Spore Crawler  
  56  5:04  Roach x2  
  56  5:05  Roach x4  
  68  5:12  Overlord x2  
  68  5:16  Spore Crawler  
  66  5:34  Roach  
  66  5:35  Roach x7  
  82  5:42  Queen  
  80  5:45  Drone x6  
  86  5:55  Drone x2, Spire  
  85  6:00  Drone x4  
  89  6:05  Drone x2  
  89  6:06  Extractor, Drone  
  91  6:16  Overlord x2  
  91  6:21  Drone x2  
  91  6:22  Drone x3  
  91  6:25  Extractor x2  
  94  6:34  Overlord x2  
  94  6:38  Drone x3  
  94  6:39  Drone x2  
  99  6:40  Drone  
  98  6:57  Drone x6  
  104  7:02  Hatchery  
  103  7:12  Mutalisk x3  
  103  7:13  Mutalisk x5  
  119  7:18  Mutalisk  
  119  7:19  Mutalisk  
  119  7:22  Zerg Flyer Weapons Level 1  
  123  7:35  Overlord  
  123  7:39  Mutalisk x3  
  129  7:52  Hydralisk Den  
  129  7:53  Extractor  
  129  7:54  Drone x11  
  129  7:55  Evolution Chamber  
  129  7:56  Evolution Chamber  
  129  7:57  Extractor, Overlord x2  
  135  8:07  Drone  
  135  8:08  Drone x2  
  134  8:36  Mutalisk x8  
  150  8:44  Drone  
  150  8:45  Drone x4  
  150  8:46  Drone, Queen  
  158  8:49  Zerg Missile Weapons Level 1, Grooved Spines  
  158  8:52  Overlord x2  
  150  9:28  Mutalisk x6  
  150  9:29  Mutalisk  
  162  9:38  Overlord  
  162  9:43  Zergling x12  
  162  9:45  Overlord x3  
  168  10:00  Hatchery  
  165  10:21  Hydralisk x11  
  173  10:46  Hydralisk x5  
  173  10:47  Hydralisk  
  183  10:54  Infestation Pit  
  176  11:23  Hydralisk  
  176  11:24  Hydralisk x14  
  170  11:36  Hydralisk x4  
Show
View Real Time Build Order
Export as new Build Order

Garion Terran 

Build Orders:  

Get SALT Encoding   

  12  0:00  SCV  
  13  0:12  SCV  
  14  0:17  Supply Depot  
  14  0:24  SCV  
  15  0:38  SCV  
  15  0:40  Barracks  
  16  0:46  Refinery  
  16  0:50  SCV  
  17  1:24  SCV  
  18  1:40  Orbital Command  
  18  1:52  Supply Depot  
  18  1:55  Barracks Tech Lab  
  18  1:57  Refinery  
  18  2:06  SCV  
  19  2:09  Command Center  
  19  2:14  Marauder  
  21  2:18  Concussive Shells  
  21  2:20  SCV  
  22  2:36  Factory  
  22  2:39  SCV  
  23  2:48  Marauder  
  25  2:51  SCV  
  26  3:03  SCV  
  27  3:16  SCV  
  28  3:26  Starport  
  28  3:27  Factory Reactor  
  28  3:29  Marauder  
  30  3:39  SCV  
  31  3:50  Engineering Bay  
  31  3:52  Marauder  
  31  3:55  Command Center  
  33  4:01  Orbital Command  
  33  4:06  SCV  
  36  4:10  Widow Mine  
  36  4:14  Widow Mine  
  38  4:33  Widow Mine  
  38  4:34  Medivac  
  38  4:36  Widow Mine  
  44  4:45  Missile Turret  
  44  4:47  SCV x2, Missile Turret  
  46  4:54  Missile Turret  
  46  5:06  Widow Mine, SCV  
  49  5:10  Marauder  
  51  6:01  Marauder, Medivac  
  51  6:03  Widow Mine x2  
  59  6:22  Marauder  
  61  6:29  Refinery  
  61  6:30  Refinery  
  61  6:33  Terran Infantry Weapons Level 1  
  61  6:34  Supply Depot  
  61  6:35  Supply Depot  
  61  6:41  Orbital Command  
  61  6:45  Missile Turret  
  61  6:47  Missile Turret  
  61  6:51  Supply Depot  
  61  6:56  SCV x2, Marauder  
  61  6:58  Factory  
  65  7:01  Factory  
  67  7:08  SCV x2, Missile Turret  
  67  7:13  Supply Depot  
  57  7:17  SCV  
  57  7:20  SCV x2  
  60  7:29  SCV  
  61  7:32  SCV x2  
  61  7:36  Armory  
  63  7:37  Armory  
  63  7:41  Refinery, SCV  
  64  7:44  SCV x2  
  64  7:45  Starport Reactor  
  64  7:46  Factory Tech Lab x2  
  66  7:53  SCV  
  66  7:57  SCV  
  68  7:59  SCV  
  68  8:05  SCV  
  70  8:07  Missile Turret  
  70  8:09  SCV  
  70  8:11  SCV  
  70  8:12  Refinery  
  72  8:15  Supply Depot  
  72  8:17  SCV  
  72  8:18  Supply Depot  
  72  8:19  Siege Tank  
  76  8:21  SCV  
  76  8:23  Drilling Claws, SCV  
  78  8:29  SCV  
  78  8:33  SCV  
  80  8:35  SCV  
  80  8:38  Siege Tank  
  80  8:39  Widow Mine x2  
  88  8:41  Viking x2  
  92  9:07  Siege Tank  
  92  9:09  Widow Mine x2  
  99  9:10  Thor  
  99  9:11  Viking x2  
  99  9:15  Missile Turret  
  99  9:17  Hi-Sec Auto Tracking  
  109  9:20  SCV x2  
  109  9:22  Supply Depot  
  109  9:27  Supply Depot  
  109  9:43  SCV  
  110  9:54  Viking x2  
  110  9:55  Thor, Siege Tank  
  110  9:56  Widow Mine  
  125  10:26  Supply Depot, Terran Vehicle And Ship Armor Level 1, Terran Vehicle Weapons Level 1  
  125  10:28  Supply Depot  
  125  10:31  Supply Depot  
  125  10:48  Widow Mine, SCV x3  
  125  10:49  Liberator  
  130  10:50  Liberator  
  130  10:51  Siege Tank  
  130  10:52  Widow Mine  
  130  10:54  Hellion  
  143  11:00  SCV x3  
  146  11:08  Command Center  
  146  11:12  SCV x2  
  144  11:22  Hellion x2  
  146  11:49  Thor  
  146  11:51  Thor  
  146  11:53  Widow Mine  
  146  11:55  Widow Mine  
  140  12:16  Hellbat  
Tags
 
Add a new tag
Caveats
  • Supply blocks, unpowered buildings, or Contaminate may cause inaccurate times.
  • Supply counts are checked every 10 seconds.